 Dungeon Crawl Stone Soup version 0.32-a0-422-g28b100f618 (webtiles) character file.

Game seed: 10695223170334514877

4 Bravepunisher the Changeling (level 1, 0/9 HPs)
             Began as a Spriggan Shapeshifter on Feb 21, 2024.
             Slain by a centaur (3 damage)
             ... on level 5 of the Dungeon.
             The game lasted 00:02:18 (564 turns).

Bravepunisher the Changeling (Spriggan Shapeshifter) Turns: 564, Time: 00:02:18

Health: 0/9        AC:  2    Str: 10    XL:     1   Next: 50%
Magic:  2/2        EV: 17    Int: 11    God:
Gold:   42         SH:  0    Dex: 14    Spells: 0/0 levels left

rFire   . .          .
                       - Unarmed
rCold   . . .        (no shield)
rNeg    . . .        a - +0 animal skin
rPois   .            (helmet currently unavailable)
rElec   .            (cloak currently unavailable)
rCorr   .            (gloves unavailable)
SInv    +            (boots unavailable)
Will    .....        (no amulet)
Stlth   +            (no ring)
HPRegen 0.21/turn    (no ring)
MPRegen 0.08/turn

%: no passive effects
@: beast-form, very quick
A: beast (slay +2), very small, no large weapons, unfitting armour, see
invisible, speed 3
a: Begin Untransformation


You were on level 5 of the Dungeon.
You were a hulking beast.
You visited 1 branch of the dungeon, and saw 5 of its levels.

You collected 42 gold pieces.

Inventory:

Armour
 a - a +0 animal skin (worn)
Jewellery
 e - a ring of willpower
Talismans
 c - a beast talisman (active)
 d - a flux talisman
Potions
 b - 2 potions of lignification
 f - a potion of heal wounds {unknown}


   Skills:
 + Level 0.9 Fighting
 + Level 2.8 Dodging
 - Level 2.4 Unarmed Combat
 * Level 4.1 Shapeshifting


You couldn't memorise any spells.
You didn't know any spells.
Your spell library was empty.

Dungeon Overview and Level Annotations

Branches:
Dungeon (5/15)
 Temple: D:4-7

Altars:

Shops:
D:2 :


Innate Abilities, Weirdness & Mutations

You are a hulking beast.
Your limbs bulge with bestial killing power. (Slay +2)
You are very small and have problems with some larger weapons.
You are too small for most types of armour.
You have supernaturally acute eyesight. (SInv)
You cover ground extremely quickly. (Speed+++)


Message History

You open the door.
There is an open door here.
As you close the door, it creaks loudly!
You open the door.
There is an open door here.
You close the door.
You open the door.
Found a scroll labelled ZOFUNE UHIO.
There is an open door here.
A centaur comes into view.
You close the door.
The centaur shouts!
The centaur wields a +0 shortbow.
The centaur shoots an arrow.
The arrow barely misses you.
The centaur shoots an arrow.
The arrow closely misses you.
The centaur shoots an arrow.
The arrow barely misses you.
The centaur unwields a +0 shortbow.
The centaur closely misses you. The centaur kicks you.
You barely miss the centaur. The centaur closely misses you.
The centaur completely misses you.
You hit the centaur.
The centaur is moderately wounded.
The centaur completely misses you. The centaur closely misses you.
The centaur hits you but does no damage.
The centaur misses you.
You punch the centaur!
The centaur is severely wounded.
The centaur closely misses you. The centaur misses you.
You barely miss the centaur.
The centaur is severely wounded.
The centaur completely misses you. The centaur closely misses you.
The centaur misses you. The centaur barely misses you.
You hit the centaur.
The centaur is severely wounded.
The centaur hits you. The centaur kicks you.
You hit the centaur.
The centaur is almost dead.
The centaur misses you. The centaur kicks you. The centaur misses you.
The centaur kicks you.
You die...

#.....+......#......
#.....#......#......
#.....#.S....#......
#.....#......+......
#.....#......#......
#.....#......#......
#########+##.....B##+##..
#...####...######?..S<# #
#.......hc......#....B#
#...............#.....#
#.........?.....#.....#
#...............#.....+
#################.....#
....... ........


You could see a centaur.

Vanquished Creatures
  An orc (D:4)
  A rat (D:2)
2 creatures vanquished.

Notes
Turn   | Place    | Note
-------+----------+-------------------------------------------
     0 | D:1      | Bravepunisher the Spriggan Shapeshifter began the quest for
                  | the Orb.
     0 | D:1      | Reached XP level 1. HP: 9/9 MP: 2/2
   171 | D:2      | Found a faded altar of an unknown god.
   193 | D:2      | Found Reclou Doot's Book Shop.
   502 | D:4      | Noticed a hound
   504 | D:4      | Noticed a bombardier beetle
   511 | D:4      | Noticed a scorpion
   518 | D:5      | Entered Level 5 of the Dungeon
   545 | D:5      | Noticed a centaur
   564 | D:5      | Slain by a centaur

Illustrated notes

Levels and vault maps discovered:
D:1:      scummos_arrival_gate, layout_rooms, chequers_hall_statues_wall_a,
          serial_park_tiny_2
D:2:      layout_loops_corners, serial_shops, nicolae_shop_tiny_glass, shop,
          nicolae_ecumenical_snake_handling, minmay_goblin_outpost
D:3:      layout_basic, kennysheep_path_1, uniq_crazy_yiuf_cottage
D:4:      layout_cave_pods, general_overflow_altar, lemuel_tele_altar
D:5:      layout_gridville, nicolae_tso_swordbearing_angel,
          grunt_temple_overflow_diamond

Action                     || total
---------------------------++-------
  Melee: Unarmed           ||    12
   Stab: Sleeping          ||     1
 Armour: Animal skin       ||    10
  Dodge: Dodged            ||    34

Table legend: (Time is in decaauts)
 A = Elapsed time spent in this place.
 B = Non-inter-level travel time spent in this place.
 C = Inter-level travel time spent in this place.
 D = Time resting spent in this place.
 E = Time spent auto-exploring this place.
 F = Levels seen in this place.
 G = Mean time per level.
                   A        B        C        D        E       F      G
               +--------+--------+--------+--------+--------+-----+--------+
         Total |    356 |    356 |      0 |      0 |    103 |   5 |   71.2 |
       Dungeon |    356 |    356 |      0 |      0 |    103 |   5 |   71.2 |
               +--------+--------+--------+--------+--------+-----+--------+

Top non-repeatable levels by time:
     D:2: 202 daAuts
     D:1: 61 daAuts
     D:4: 54 daAuts
     D:5: 32 daAuts
     D:3: 5 daAuts
